 Dungeon Crawl Stone Soup version 0.29.1-15-g9cfb28693d (webtiles) character file.

Game seed: 5263817336697679393

564 rehlor the Cleaver (level 7, -11/58 HPs)
             Began as a Minotaur Berserker on Apr 27, 2023.
             Was a Believer of Trog.
             Mangled by an ogre
             ... wielding a +0 giant spiked club
              (21 damage)
             ... on level 4 of the Dungeon on May 2, 2023.
             The game lasted 00:10:12 (4770 turns).

rehlor the Cleaver (Minotaur Berserker)             Turns: 4770, Time: 00:10:13

Health: -11/58     AC:  5    Str: 23    XL:     7   Next: 10%
Magic:  6/6        EV: 12    Int:  4    God:    Trog [**....]
Gold:   203        SH:  0    Dex: 10    Spells: 6/6 levels left

rFire   . . .      SeeInvis +   u - +8 frozen axe "Frostbite" {freezing cloud, *Noise Fly rC+}
rCold   + . .      Faith    .   (shield currently unavailable)
rNeg    . . .      Spirit   .   b - +0 animal skin
rPois   .          Reflect  .   (helmet restricted)
rElec   .          Harm     .   c - +2 cloak of the Thief {*Fog Slay-2 SInv Stlth+}
rCorr   .          Rampage  .   (no gloves)
Will    ++...                   (no boots)
Stlth   ++........              (no amulet)
HPRegen 1.19/turn               (no ring)
MPRegen 0.10/turn               (no ring)

@: strong-willed, flying, regenerating
A: horns 2, retaliatory headbutt
a: Renounce Religion, Berserk, Trog's Hand


You were on level 4 of the Dungeon.
You worshipped Trog.
Trog was pleased with you.
You visited 1 branch of the dungeon, and saw 5 of its levels.
You also visited: Sewer.

You collected 203 gold pieces.

Inventory:

Hand Weapons
 a - a +0 hand axe
 u - the +8 frozen axe "Frostbite" (weapon) {freezing cloud, *Noise Fly rC+}
   (You acquired it on level 4 of the Dungeon)

   It freezes those it strikes, dealing additional cold damage.
   It can also slow down cold-blooded creatures.
   It occasionally leaves clouds of freezing vapour upon striking a foe.
   It grants immunity to clouds of freezing vapour.
   rC:        It protects you from cold.
   Fly:       It grants you flight.
   *Noise:    It may make noises in combat.
Armour
 b - a +0 animal skin (worn)
 c - the +2 cloak of the Thief (worn) {*Fog Slay-2 SInv Stlth+}
   (You acquired it on level 4 of the Dungeon)

   It may release a thick cloud of smoke when the wearer is hurt.
   Slay:      It affects your accuracy & damage with ranged weapons and melee
   (-2).
   SInv:      It lets you see invisible.
   Stlth:     It makes you more stealthy.
Jewellery
 i - a ring of ice
 v - a +6 ring of strength
Scrolls
 f - 4 scrolls of identify
 g - a scroll of blinking {unknown}
 h - a scroll of amnesia {unknown}
 j - 2 scrolls of noise {unknown}
 n - a scroll of fog {unknown}
 p - 3 scrolls of teleportation {unknown}
 q - a scroll of fear {unknown}
Potions
 d - a potion of invisibility {unknown}
 e - 2 potions of curing {unknown}
 k - a potion of flight {unknown}
 l - a potion of heal wounds {unknown}
 m - a potion of mutation {unknown}
 o - a potion of berserk rage {unknown}
 r - a potion of resistance {unknown}
 s - a potion of brilliance {unknown}
 t - a potion of lignification {unknown}


   Skills:
 - Level 3.8 Fighting
 + Level 9.6 Axes
 - Level 2.7 Armour
 - Level 2.4 Dodging


You had 6 spell levels left.
You didn't know any spells.
Your spell library was empty.

Dungeon Overview and Level Annotations

Branches:
Dungeon (5/15)              Sewer (visited)
 Temple: D:4-7

Altars:
Yredelemnul


Innate Abilities, Weirdness & Mutations

You have a pair of horns on your head.
You reflexively headbutt those who attack you in melee.


Message History

A hound comes into view.
The hound barks!
The ogre hits you with a +0 giant spiked club!
The adder bites you.
You barely miss the ogre. You headbutt the ogre!
The ogre is moderately wounded.
You slash the adder!
The adder seems to slow down.
You freeze the adder. The adder closely misses you.
The ogre hits you with a +0 giant spiked club!!
With a swish of your cloak, you release a cloud of fog.
The adder bites you but does no damage.
The adder is no longer moving slowly.
The hound attacks as you move away! The hound bites you but does no damage.
The hound bites you but does no damage. The hound bites you.
There is a stone staircase leading down here.
The adder attacks as you move away! The adder completely misses you.
You furiously retaliate!
You headbutt the adder!
You kill the adder!
Trog accepts your kill. The hound attacks as you move away!
The hound closely misses you. You furiously retaliate!
You headbutt the hound! The hound bites you.
* * * LOW HITPOINT WARNING * * *
Found 11 gold pieces.
The hound closely misses you. The hound bites you but does no damage.
The hound attacks as you move away! The hound bites you but does no damage.
The hound misses you. You furiously retaliate!
You headbutt the hound!
You kill the hound!
Trog accepts your kill.
Your skin crawls.
You feel strong-willed. The ogre attacks as you move away!
The ogre hits you with a +0 giant spiked club!
* * * LOW HITPOINT WARNING * * *
With a swish of your cloak, you release a cloud of fog.
You barely miss the ogre.
The ogre is moderately wounded.
The ogre hits you with a +0 giant spiked club!!
You die...

#......#..................# #.#.
#......>..................####.#.
#.....)#...........#########...#.
#......#.........### ####...#.
####.###.........# ####........
#.÷# ###....#### ###....##...##
#.## ###.#....# #...#######.##
#.####...#..#§####.### #.##
#...#..####..§@O§..# #.##
##....###...<§§§#### #)#.
#))).##..##.##§### #...
#....#..###.##...# ##.. #......##
#.####.#### #.. #...#..# #.#
#....# ##.. #.......# #.. ####.##
####..# ###..##.# ##. #..#
#...... #..# ..#
#..#####.##..#####


You could see an ogre.

Vanquished Creatures
  Eustachio (D:4)
  An ogre (D:4)
  A kobold brigand (Sewer)
  A hound (D:4)
  A scorpion zombie (D:3)
  A howler monkey zombie (D:3)
  4 gnolls
  10 adders
  4 worms (Sewer)
  A dart slug (D:3)
  4 bats
  4 endoplasms
  4 giant cockroaches
  7 hobgoblins
  2 jackals (D:2)
  A quokka (D:1)
  10 ball pythons
  A frilled lizard (D:1)
  2 goblins
  A jackal zombie (D:3)
  6 kobolds
  12 rats
79 creatures vanquished.

Notes
Turn   | Place    | Note
-------+----------+-------------------------------------------
     0 | D:1      | rehlor the Minotaur Berserker began the quest for the Orb.
     0 | D:1      | Reached XP level 1. HP: 19/19 MP: 0/0
    42 | D:1      | Reached XP level 2. HP: 12/27 MP: 1/1
   232 | D:1      | Reached skill level 4 in Axes
  1407 | D:1      | Reached XP level 3. HP: 30/33 MP: 2/2
  1464 | D:1      | Found a faded altar of an unknown god.
  2053 | D:2      | Reached skill level 5 in Axes
  2194 | D:2      | Reached ** piety under Trog
  2688 | D:3      | Reached XP level 4. HP: 38/40 MP: 3/3
  2706 | D:3      | Found a basalt altar of Yredelemnul.
  2717 | D:3      | Reached skill level 6 in Axes
  3026 | D:3      | Found a glowing drain.
  3039 | D:3      | Reached XP level 5. HP: 37/46 MP: 4/4
  3145 | Sewer    | Entered a sewer
  3370 | Sewer    | Reached skill level 7 in Axes
  3742 | Sewer    | Reached XP level 6. HP: 33/52 MP: 5/5
  4354 | D:4      | Reached skill level 8 in Axes
  4372 | D:4      | Noticed Eustachio
  4382 | D:5      | Entered Level 5 of the Dungeon
  4595 | D:4      | Killed Eustachio
  4627 | D:4      | Identified 2 scrolls of acquirement
  4628 | D:4      | Acquired the +8 frozen axe "Frostbite" {freezing cloud,
                  | *Noise Fly rC+}
  4628 | D:4      | Found the +8 frozen axe "Frostbite" {freezing cloud, *Noise
                  | Fly rC+}
  4630 | D:4      | Acquired the +2 cloak of the Thief {*Fog Slay-2 SInv
                  | Stlth+}
  4630 | D:4      | Found the +2 cloak of the Thief {*Fog Slay-2 SInv Stlth+}
  4716 | D:4      | Reached skill level 9 in Axes
  4730 | D:4      | Reached XP level 7. HP: 58/58 MP: 6/6
  4750 | D:4      | Reached *** piety under Trog
  4770 | D:4      | Mangled by an ogre

Illustrated notes

Levels and vault maps discovered:
D:1:      matt_arrival_spirals, layout_loops_corners,
          hellmonk_ecumenical_altar_inner_sanctum
D:2:      layout_basic
D:3:      layout_basic, nicolae_yredelemnul_corpse_copse, portal_sewer_entry_b,
          nrook_mini_backslash
D:4:      layout_rooms, minmay_puff, uniq_eustachio, uniq_blork_the_orc
D:5:      layout_basic, serial_shops, shop_fountains, minmay_chambers_of_fives

Skill      XL: |  1  2  3  4  5  6 |
---------------+-------------------+-----
Axes           | 4 5 6 7 9 |  9.6
Fighting       | |  3.8
Armour         | |  2.7
Dodging        | |  2.4

Action                   |  1- 3 |  4- 6 |  7- 9 || total
-------------------------+-------+-------+-------++-------
Melee: Hand axe          |    77 |   134 |       ||   211
       Headbutt          |     6 |    25 |     1 ||    32
       Punch             |     2 |       |       ||     2
       Executioner's axe |       |     4 |     2 ||     6
Invok: Berserk           |       |     3 |       ||     3
       Trog's Hand       |       |       |     1 ||     1
  Use: Scroll            |       |     3 |       ||     3
 Stab: Sleeping          |     1 |     1 |       ||     2
Armor: Animal skin       |     8 |    16 |     5 ||    29
Dodge: Dodged            |    46 |    76 |     5 ||   127
